Wolves vs Bears
(R1)
Created - April 11, 2022 at 19:04
Goals
|
| Wolves |
3 |
5 |
2 |
10 |
| Bears |
0 |
3 |
1 |
4 |
|
Shots
|
| Wolves |
7 |
15 |
17 |
39 |
| Bears |
14 |
8 |
13 |
35 |
|
1st period
1. Wolves , Kyle Rau 25 (Lawson Crouse 32, Alexandre Grenier 42) at 3:19
2. Wolves , Alexandre Grenier 37 (Kyle Rau 49, Jeffrey Foss 28) at 10:30 (PP)
3. Wolves , Eric Robinson 8 (Sebastian Aho 34) at 14:23
Penalties :
Mike Hoffman (Her) for Roughing (Minor) at 10:20, Gianluca Curcuruto (Her) for Roughing (Minor) at 16:25
2nd period
4. Wolves , Sebastian Aho 30 (Lawson Crouse 33) at 1:34
5. Wolves , Sebastian Aho 31 (Victor Olofsson 18) at 2:06 (PP)
6. Wolves , Eric Robinson 9 (Samuel Girard 6, Sebastian Aho 35) at 5:44
7. Bears , Kerby Rychel 8 (Joey Laleggia 32, Mike Hoffman 37) at 9:46 (PP)
8. Wolves , Thomas Spelling 25 (Joe Morrow 38, Jeffrey Foss 29) at 11:06
9. Bears , Mike Hoffman 34 (Nick Schmaltz 37, Sergey Kalinin 21) at 14:34
10. Bears , Brendan Perlini 18 (Derek Forbort 15, Dominik Simon 12) at 15:36
11. Wolves , Victor Olofsson 20 (Sebastian Aho 36, Jeffrey Foss 30) at 17:32 (PP)
Penalties :
Mike Hoffman (Her) for Roughing (Double Minor) at 1:37, Jalen Chatfield (Chi) for Holding (Minor) at 9:11, Mike Hoffman (Her) for Holding (Minor) at 16:19
3rd period
12. Wolves , Sebastian Aho 32 (Joe Morrow 39, Anton Lindholm 22) at 15:17
13. Bears , Zach Stepan 15 (Austin Wuthrich 12) at 17:13
14. Wolves , Jake Evans 2 (Jeff Petry 16, Thomas Spelling 24) at 19:34
Penalties :
Tommy Vannelli (Her) for Hooking (Minor) at 3:13, Joe Morrow (Chi) for Hooking (Minor) at 13:03
Goalie Stats
Laurent Brossoit (Chi), 31 saves from 35 shots - (0.886), W, 26-7-4, 60:00 minutes
Jake Allen (Her), 22 saves from 28 shots - (0.786), 44:02 minutes
Joni Ortio (Her), 7 saves from 11 shots - (0.636), L, 8-5-1, 15:58 minutes
Players Stats for Wolves
Player Name G A P +/- PIM S H SB GA TA FO MP PP MP PK MP
------------------------------------------------------------------------------------
Alexandre Grenier 1 1 2 1 0 6 1 0 0 0 2/7 23:36 3:39 1:36
Anton Lindholm 0 1 1 2 0 0 0 1 0 0 0/0 19:41 3:13 1:18
Antti Suomela 0 0 0 -1 0 2 1 0 0 1 1/3 8:20 0:22 0:07
Dylan Coghlan 0 0 0 0 0 0 0 0 0 0 0/0 4:44 0:05 0:00
Eric Robinson 2 0 2 2 0 2 0 0 0 0 0/1 16:38 3:29 0:31
Fredrik Olofsson 0 0 0 1 0 0 0 0 0 1 0/2 11:07 0:35 0:00
Jake Evans 1 0 1 1 0 3 1 0 1 0 4/7 10:32 0:00 0:00
Jalen Chatfield 0 0 0 1 2 0 2 0 0 0 0/0 10:02 0:44 0:00
Jeff Petry 0 1 1 1 0 2 1 1 0 2 0/0 19:24 3:13 1:16
Jeffrey Foss 0 3 3 1 0 3 1 1 0 1 0/0 25:32 3:47 1:16
Joe Morrow 0 2 2 2 2 5 0 1 0 1 0/0 24:30 3:47 0:00
Kale Clague 0 0 0 1 0 0 0 0 0 0 0/0 5:14 0:05 0:15
Kevin Stenlund 0 0 0 0 0 0 0 0 0 0 0/0 0:24 0:00 0:24
Kieffer Bellows 0 0 0 -1 0 1 0 0 0 0 0/0 7:51 0:00 0:00
Kyle Rau 1 1 2 1 0 4 2 1 1 0 14/30 23:36 3:39 1:36
Lawson Crouse 0 2 2 2 0 0 2 0 0 0 1/2 22:23 3:21 0:27
Liam O'Brien 0 0 0 0 0 0 0 0 0 0 0/0 0:22 0:22 0:00
Matthew Highmore 0 0 0 0 0 0 0 0 0 0 0/0 0:44 0:43 0:00
Samuel Girard 0 1 1 1 0 1 0 0 0 0 0/0 11:06 0:44 1:03
Sebastian Aho 3 3 6 3 0 4 2 0 0 0 4/12 16:46 3:26 0:27
Thomas Spelling 1 1 2 1 0 2 2 1 0 0 1/1 10:57 0:25 0:00
Victor Olofsson 1 1 2 2 0 3 2 0 1 0 1/1 16:04 3:26 0:00
Wade Allison 0 0 0 -1 0 1 0 0 0 0 0/0 7:51 0:00 0:00
Zachary Senyshyn 0 0 0 0 0 0 0 0 0 0 0/0 0:00 0:00 0:00
Players Stats for Bears
Player Name G A P +/- PIM S H SB GA TA FO MP PP MP PK MP
------------------------------------------------------------------------------------
Angelo Esposito 0 0 0 -2 0 1 0 0 0 0 12/17 14:08 1:25 1:05
Austin Wuthrich 0 1 1 -2 0 1 2 0 0 1 1/2 11:32 0:06 0:00
Brendan Perlini 1 0 1 -1 0 2 2 1 0 0 0/0 14:06 0:06 1:04
Derek Forbort 0 1 1 1 0 1 1 2 0 0 0/0 17:59 0:15 2:55
Dominik Simon 0 1 1 -1 0 2 2 3 0 1 7/11 13:01 0:06 0:00
Gianluca Curcuruto 0 0 0 1 2 1 0 2 0 0 0/0 18:09 1:04 2:17
Jake Virtanen 0 0 0 -2 0 4 2 0 0 0 0/0 12:40 1:03 0:00
Jamie McGinn 0 0 0 -1 0 6 3 1 2 0 2/2 15:36 0:00 4:18
Joey Laleggia 0 1 1 -2 0 0 1 1 1 0 0/0 29:46 1:15 4:54
Kerby Rychel 1 0 1 -2 0 5 2 1 0 0 0/1 12:40 1:03 0:00
Michael Prapavessis 0 0 0 -3 0 0 0 0 0 1 0/0 12:05 0:15 0:38
Mike Hoffman 1 1 2 0 8 2 0 2 1 0 0/0 15:08 1:25 0:00
Nick Schmaltz 0 1 1 0 0 0 5 1 0 0 0/0 17:38 1:25 2:27
Nicolas Aube-Kubel 0 0 0 0 0 3 3 1 0 0 0/1 12:40 0:00 0:00
Sergey Kalinin 0 1 1 0 0 2 2 0 1 0 8/19 18:32 1:03 4:17
Taylor Aronson 0 0 0 -2 0 3 1 2 1 0 0/0 29:46 1:15 4:54
Tommy Vannelli 0 0 0 -3 2 1 1 0 0 0 0/0 12:21 1:04 0:00
Zach Stepan 1 0 1 -1 0 1 1 0 0 0 8/13 14:19 0:00 2:27
3 Stars
1 - Sebastian Aho (Chi)
2 - Eric Robinson (Chi)
3 - Victor Olofsson (Chi)
Power Play
Wolves - 3 on 6 Attempt(s) - 50.00%
Bears - 1 on 2 Attempt(s) - 50.00%
Penalty Kill
Wolves - 1 on 2 Attempt(s) - 50.00%
- Score 0 goal in Penalty Kill
Bears - 3 on 6 Attempt(s) - 50.00%
- Score 0 goal in Penalty Kill
Team Stat
Wolves - Hits : 17 - Faceoff Wins : 28 - Blocked Shots : 6 - Penalty Minutes : 4
Bears - Hits : 28 - Faceoff Wins : 38 - Blocked Shots : 17 - Penalty Minutes : 12
Official
Referees : Chris Rooney and Dan O'Rourke
Linesman : Kiel Murchison and Steve Barton
Game Notes
Joni Ortio enters game at 1:34 of 2nd period
Jake Allen enters game at 17:32 of 2nd period
Sebastian Aho has scored a Hat Trick!
Finance
Level 1 -- Attendance: 1859 (92.95%) -- Ticket Income $65,065
Level 2 -- Attendance: 964 (96.40%) -- Ticket Income $14,460
Total Attendance: 2823 (94.10%)
Total Ticket Income: $79,525
Other Income: $3,976
Total Income: $83,501
Wolves
5 vs 5 Forward
Center Left Wing Right Wing Time % Phy DF OF
1 Kyle Rau Lawson Crouse Alexandre Grenier 40 1 2 2
2 Sebastian Aho Eric Robinson Victor Olofsson 30 1 2 2
3 Jake Evans Fredrik Olofsson Thomas Spelling 20 1 2 2
4 Antti Suomela Kieffer Bellows Wade Allison 10 1 2 2
5 vs 5 Defense
Defense Defense Time % Phy DF OF
1 Jeffrey Foss Joe Morrow 40 1 2 2
2 Anton Lindholm Jeff Petry 30 1 2 2
3 Jalen Chatfield Samuel Girard 20 1 2 2
4 Kale Clague Dylan Coghlan 10 1 2 2
PowerPlay Forward
Center Left Wing Right Wing Time % Phy DF OF
1 Kyle Rau Lawson Crouse Alexandre Grenier 60 1 2 2
2 Sebastian Aho Eric Robinson Victor Olofsson 40 1 2 2
PowerPlay Defense
Defense Defense Time % Phy DF OF
1 Jeffrey Foss Joe Morrow 60 1 2 2
2 Anton Lindholm Jeff Petry 40 1 2 2
Penalty Kill 4 Players Forward
Center Wing Time % Phy DF OF
1 Alexandre Grenier Kyle Rau 60 1 2 2
2 Sebastian Aho Lawson Crouse 40 1 2 2
Penalty Kill 4 Players Defense
Defense Defense Time % Phy DF OF
1 Jeffrey Foss Joe Morrow 60 1 2 2
2 Anton Lindholm Jeff Petry 40 1 2 2
Penalty Kill - 3 Players Forward
Forward Time % Phy DF OF
1 Alexandre Grenier 60 1 2 2
2 Kyle Rau 40 1 2 2
Penalty Kill - 3 Players Defense
Defense Defense Time % Phy DF OF
1 Jeffrey Foss Joe Morrow 60 1 2 2
2 Anton Lindholm Jeff Petry 40 1 2 2
4 vs 4 Forward
Center Wing Time % Phy DF OF
1 Alexandre Grenier Kyle Rau 60 1 2 2
2 Sebastian Aho Lawson Crouse 40 1 2 2
4 vs 4 Defense
Defense Defense Time % Phy DF OF
1 Jeffrey Foss Joe Morrow 60 1 2 2
2 Anton Lindholm Jeff Petry 40 1 2 2
Last Minutes Offensive
Center Left Wing Right Wing Defense Defense
Kyle Rau Lawson Crouse Alexandre Grenier Jeffrey Foss Joe Morrow
Last Minutes Defensive
Center Left Wing Right Wing Defense Defense
Kyle Rau Lawson Crouse Alexandre Grenier Jeffrey Foss Joe Morrow
Goaltenders
Starting : Laurent Brossoit
Backup : Ebbe Siönäs
Extra Forwards
Normal : Matthew Highmore, Liam O'Brien, Kevin Stenlund - PP : Matthew Highmore, Liam O'Brien - PK : Kevin Stenlund
Extra Defensemen
Normal : Jalen Chatfield, Samuel Girard, Kale Clague - PP : Jalen Chatfield - PK : Samuel Girard, Kale Clague
Penalty Shots
Alexandre Grenier, Kyle Rau, Sebastian Aho, Lawson Crouse, Victor Olofsson
Scratches
Jakub Zboril (Head Injury), Joona Koppanen (Healthy), Sergei Kostenko (Healthy)
Bears
5 vs 5 Forward
Center Left Wing Right Wing Time % Phy DF OF
1 Sergey Kalinin Mike Hoffman Nick Schmaltz 27 0 1 4
2 Angelo Esposito Kerby Rychel Jake Virtanen 25 0 2 3
3 Dominik Simon Brendan Perlini Nicolas Aube-Kubel 25 0 2 3
4 Zach Stepan Jamie McGinn Austin Wuthrich 23 0 2 3
5 vs 5 Defense
Defense Defense Time % Phy DF OF
1 Joey Laleggia Taylor Aronson 40 0 2 3
2 Gianluca Curcuruto Derek Forbort 30 0 2 3
3 Michael Prapavessis Tommy Vannelli 20 0 3 2
4 Joey Laleggia Taylor Aronson 10 0 2 3
PowerPlay Forward
Center Left Wing Right Wing Time % Phy DF OF
1 Angelo Esposito Mike Hoffman Nick Schmaltz 60 0 1 4
2 Sergey Kalinin Kerby Rychel Jake Virtanen 40 0 1 4
PowerPlay Defense
Defense Defense Time % Phy DF OF
1 Joey Laleggia Taylor Aronson 60 0 2 3
2 Gianluca Curcuruto Tommy Vannelli 40 0 2 3
Penalty Kill 4 Players Forward
Center Wing Time % Phy DF OF
1 Sergey Kalinin Jamie McGinn 60 0 4 1
2 Zach Stepan Nick Schmaltz 40 0 4 1
Penalty Kill 4 Players Defense
Defense Defense Time % Phy DF OF
1 Joey Laleggia Taylor Aronson 60 0 4 1
2 Gianluca Curcuruto Derek Forbort 40 0 4 1
Penalty Kill - 3 Players Forward
Forward Time % Phy DF OF
1 Sergey Kalinin 60 0 5 0
2 Zach Stepan 40 0 5 0
Penalty Kill - 3 Players Defense
Defense Defense Time % Phy DF OF
1 Joey Laleggia Taylor Aronson 60 0 5 0
2 Gianluca Curcuruto Derek Forbort 40 0 5 0
4 vs 4 Forward
Center Wing Time % Phy DF OF
1 Sergey Kalinin Jake Virtanen 55 0 2 3
2 Dominik Simon Nick Schmaltz 45 0 2 3
4 vs 4 Defense
Defense Defense Time % Phy DF OF
1 Joey Laleggia Taylor Aronson 60 0 2 3
2 Gianluca Curcuruto Derek Forbort 40 0 2 3
Last Minutes Offensive
Center Left Wing Right Wing Defense Defense
Angelo Esposito Kerby Rychel Jake Virtanen Joey Laleggia Taylor Aronson
Last Minutes Defensive
Center Left Wing Right Wing Defense Defense
Sergey Kalinin Kerby Rychel Nick Schmaltz Joey Laleggia Taylor Aronson
Goaltenders
Starting : Jake Allen
Backup : Joni Ortio
Extra Forwards
Normal : Nick Schmaltz, Jake Virtanen, Sergey Kalinin - PP : Jake Virtanen, Nick Schmaltz - PK : Sergey Kalinin
Extra Defensemen
Normal : Joey Laleggia, Derek Forbort, Taylor Aronson - PP : Taylor Aronson - PK : Joey Laleggia, Taylor Aronson
Penalty Shots
Brendan Perlini, Dominik Simon, Jake Virtanen, Nicolas Aube-Kubel, Sergey Kalinin
Scratches
Brett Bulmer (Healthy), Caleb Jones (Healthy), Colby Cave (Healthy), Emil Johansson (Healthy), Jakob Lilja (Healthy)
Jesper Pettersson (Healthy), Mackenze Stewart (Healthy), Mikko Vainonen (Broken Right Foot Toe Injury), Nikolay Prokhorkin (Healthy), Ryan Graves (Healthy)
Vincent Dunn (Healthy), Warren Foegele (Healthy), Logan O'Connor (Healthy), Trent Frederic (Healthy), Nicholas Caamano (Healthy)
Jakob Stenqvist (Healthy), Arvid Henrikson (Healthy)
% Time on Ice - Wolves
Lines # - Real PCT - Wanted PCT - Time Play
Normal Forward
1 - 37% - 40% - 18:21
2 - 26% - 30% - 12:53
3 - 21% - 20% - 10:32
4 - 16% - 10% - 7:51
Normal Defense
1 - 42% - 40% - 21:01
2 - 30% - 30% - 14:55
3 - 19% - 20% - 9:19
4 - 9% - 10% - 4:22
PP Forward
1 - 52% - 60% - 4:04
2 - 48% - 40% - 3:45
PP Defense
1 - 59% - 60% - 4:36
2 - 41% - 40% - 3:13
PK Forward
1 - 82% - 60% - 2:07
2 - 18% - 40% - 0:27
PK Defense
1 - 51% - 60% - 1:18
2 - 49% - 40% - 1:16
PK3 Forward
1 - 0% - 60%
2 - 0% - 40%
PK3 Defense
1 - 0% - 60%
2 - 0% - 40%
44 Forward
1 - 0% - 60%
2 - 0% - 40%
44 Defense
1 - 0% - 60%
2 - 0% - 40%
Last Minute Offensive - 0:00
Last Minute Defensive - 0:00
Total
Forward - 60:00
Defense - 60:00
|
% Time on Ice - Bears
Lines # - Real PCT - Wanted PCT - Time Play
Normal Forward
1 - 27% - 27% - 13:28
2 - 25% - 25% - 12:18
3 - 26% - 25% - 12:40
4 - 23% - 23% - 11:11
Normal Defense
1 - 41% - 40% - 20:09
2 - 30% - 30% - 14:49
3 - 23% - 20% - 11:11
4 - 7% - 10% - 3:28
PP Forward
1 - 59% - 60% - 1:31
2 - 41% - 40% - 1:03
PP Defense
1 - 58% - 60% - 1:30
2 - 42% - 40% - 1:04
PK Forward
1 - 69% - 60% - 5:22
2 - 31% - 40% - 2:27
PK Defense
1 - 63% - 60% - 4:54
2 - 37% - 40% - 2:55
PK3 Forward
1 - 0% - 60%
2 - 0% - 40%
PK3 Defense
1 - 0% - 60%
2 - 0% - 40%
44 Forward
1 - 0% - 55%
2 - 0% - 45%
44 Defense
1 - 0% - 60%
2 - 0% - 40%
Last Minute Offensive - 0:00
Last Minute Defensive - 0:00
Total
Forward - 60:00
Defense - 60:00
|
Play-by-Play
1st period
0:01 of 1st period - Kyle Rau wins face-off versus Sergey Kalinin in neutral zone.
0:25 of 1st period - Alexandre Grenier is hit by Brendan Perlini and loses puck.
0:30 of 1st period - Snap shot by Nicolas Aube-Kubel.
0:30 of 1st period - Stopped by Laurent Brossoit with a rebound.
0:38 of 1st period - Wrist shot by Brendan Perlini.
0:38 of 1st period - Shot Hit the Post.
1:47 of 1st period - Off-side.
1:48 of 1st period - Sebastian Aho wins face-off versus Dominik Simon in neutral zone.
2:29 of 1st period - Icing by Austin Wuthrich.
2:30 of 1st period - Angelo Esposito wins face-off versus Fredrik Olofsson in Bears zone.
2:37 of 1st period - Backhand shot by Kerby Rychel.
2:37 of 1st period - Shot Misses the Net.
2:45 of 1st period - Slapshot by Jake Evans.
2:45 of 1st period - Deflect By Joey Laleggia.
2:45 of 1st period - Stopped by Jake Allen without a rebound.
2:46 of 1st period - Sergey Kalinin wins face-off versus Alexandre Grenier in Bears zone.
2:53 of 1st period - Gianluca Curcuruto is hit by Alexandre Grenier.
3:19 of 1st period - Snap shot by Kyle Rau.
3:19 of 1st period - Goal by Kyle Rau - Wolves : 1 - Bears : 0.
3:20 of 1st period - Angelo Esposito wins face-off versus Sebastian Aho in neutral zone.
3:46 of 1st period - Nicolas Aube-Kubel is hit by Thomas Spelling and loses puck.
3:55 of 1st period - Slapshot by Dominik Simon.
3:55 of 1st period - Shot Misses the Net.
4:09 of 1st period - Slapshot by Wade Allison.
4:09 of 1st period - Shot Blocked by Mike Hoffman.
4:53 of 1st period - Jalen Chatfield is hit by Kerby Rychel and loses puck.
5:14 of 1st period - Wrist shot by Nicolas Aube-Kubel.
5:14 of 1st period - Deflect By Dominik Simon.
5:14 of 1st period - Shot Misses the Net.
5:14 of 1st period - Puck is out of play.
5:15 of 1st period - Dominik Simon wins face-off versus Fredrik Olofsson in Wolves zone.
5:26 of 1st period - Snap shot by Thomas Spelling.
5:26 of 1st period - Shot Blocked by Dominik Simon.
5:44 of 1st period - Wrist shot by Thomas Spelling.
5:44 of 1st period - Stopped by Jake Allen without a rebound.
5:45 of 1st period - Sergey Kalinin wins face-off versus Kyle Rau in Bears zone.
7:09 of 1st period - Sergey Kalinin is hit by Sebastian Aho and loses puck.
7:41 of 1st period - Off-side.
7:42 of 1st period - Antti Suomela wins face-off versus Austin Wuthrich in neutral zone.
7:56 of 1st period - Slapshot by Austin Wuthrich.
7:56 of 1st period - Stopped by Laurent Brossoit with a rebound.
8:23 of 1st period - Jamie McGinn is hit by Antti Suomela and loses puck.
8:44 of 1st period - Snap shot by Antti Suomela.
8:44 of 1st period - Shot Misses the Net.
8:56 of 1st period - Slapshot by Jamie McGinn.
8:56 of 1st period - Stopped by Laurent Brossoit without a rebound.
8:57 of 1st period - Angelo Esposito wins face-off versus Kyle Rau in Wolves zone.
9:04 of 1st period - Snap shot by Jake Virtanen.
9:04 of 1st period - Stopped by Laurent Brossoit without a rebound.
9:05 of 1st period - Kyle Rau wins face-off versus Kerby Rychel in Wolves zone.
9:11 of 1st period - Off-side.
9:12 of 1st period - Angelo Esposito wins face-off versus Kyle Rau in neutral zone.
9:25 of 1st period - Slapshot by Kerby Rychel.
9:25 of 1st period - Stopped by Laurent Brossoit with a rebound.
9:47 of 1st period - Wrist shot by Sebastian Aho.
9:47 of 1st period - Shot Misses the Net.
9:49 of 1st period - Slapshot by Jeff Petry.
9:49 of 1st period - Stopped by Jake Allen with a rebound.
10:20 of 1st period - Minor Penalty to Mike Hoffman for Roughing.
10:21 of 1st period - Jamie McGinn wins face-off versus Lawson Crouse in Bears zone.
10:30 of 1st period - Snap shot by Alexandre Grenier.
10:30 of 1st period - Goal by Alexandre Grenier - Wolves : 2 - Bears : 0.
10:31 of 1st period - Angelo Esposito wins face-off versus Eric Robinson in neutral zone.
11:08 of 1st period - Wrist shot by Nicolas Aube-Kubel.
11:08 of 1st period - Stopped by Laurent Brossoit without a rebound.
11:09 of 1st period - Jake Evans wins face-off versus Dominik Simon in Wolves zone.
11:28 of 1st period - Jeffrey Foss is hit by Brendan Perlini and loses puck.
11:47 of 1st period - Snap shot by Sebastian Aho.
11:47 of 1st period - Deflect By Victor Olofsson.
11:47 of 1st period - Shot Blocked by Brendan Perlini.
11:47 of 1st period - Puck is out of play.
11:48 of 1st period - Angelo Esposito wins face-off versus Sebastian Aho in Bears zone.
11:57 of 1st period - Snap shot by Angelo Esposito.
11:57 of 1st period - Shot Blocked by Anton Lindholm.
11:59 of 1st period - Snap shot by Jake Virtanen.
11:59 of 1st period - Stopped by Laurent Brossoit with a rebound.
12:15 of 1st period - Anton Lindholm is hit by Austin Wuthrich and loses puck.
12:38 of 1st period - Snap shot by Thomas Spelling.
12:38 of 1st period - Shot Blocked by Gianluca Curcuruto.
12:59 of 1st period - Wrist shot by Thomas Spelling.
12:59 of 1st period - Shot Misses the Net.
13:01 of 1st period - Snap shot by Jake Evans.
13:01 of 1st period - Deflect By Thomas Spelling.
13:01 of 1st period - Shot Misses the Net.
13:01 of 1st period - Puck is out of play.
13:02 of 1st period - Kyle Rau wins face-off versus Nicolas Aube-Kubel in Bears zone.
13:07 of 1st period - Wrist shot by Kyle Rau.
13:07 of 1st period - Shot Blocked by Nicolas Aube-Kubel.
13:09 of 1st period - Snap shot by Kyle Rau.
13:09 of 1st period - Shot Misses the Net.
13:11 of 1st period - Snap shot by Lawson Crouse.
13:11 of 1st period - Deflect By Kyle Rau.
13:11 of 1st period - Shot Blocked by Dominik Simon.
13:11 of 1st period - Puck is out of play.
13:12 of 1st period - Dominik Simon wins face-off versus Kyle Rau in Bears zone.
13:45 of 1st period - Anton Lindholm is hit by Nicolas Aube-Kubel and loses puck.
13:58 of 1st period - Brendan Perlini is hit by Kyle Rau.
14:07 of 1st period - Icing by Lawson Crouse.
14:08 of 1st period - Kyle Rau wins face-off versus Angelo Esposito in Wolves zone.
14:15 of 1st period - Snap shot by Kyle Rau.
14:15 of 1st period - Stopped by Jake Allen without a rebound.
14:16 of 1st period - Sebastian Aho wins face-off versus Angelo Esposito in Bears zone.
14:23 of 1st period - Wrist shot by Eric Robinson.
14:23 of 1st period - Goal by Eric Robinson - Wolves : 3 - Bears : 0.
14:24 of 1st period - Zach Stepan wins face-off versus Sebastian Aho in neutral zone.
14:27 of 1st period - Slapshot by Joey Laleggia.
14:27 of 1st period - Shot Blocked by Joe Morrow.
14:31 of 1st period - Backhand shot by Jamie McGinn.
14:31 of 1st period - Deflect By Sebastian Aho.
14:31 of 1st period - Stopped by Laurent Brossoit without a rebound.
14:32 of 1st period - Austin Wuthrich wins face-off versus Sebastian Aho in Wolves zone.
14:33 of 1st period - Wrist shot by Jamie McGinn.
14:33 of 1st period - Shot Misses the Net.
14:35 of 1st period - Slapshot by Jamie McGinn.
14:35 of 1st period - Stopped by Laurent Brossoit with a rebound.
14:37 of 1st period - Wrist shot by Zach Stepan.
14:37 of 1st period - Shot Misses the Net.
14:39 of 1st period - Slapshot by Taylor Aronson.
14:39 of 1st period - Shot Misses the Net.
14:43 of 1st period - Backhand shot by Jamie McGinn.
14:43 of 1st period - Stopped by Laurent Brossoit without a rebound.
14:44 of 1st period - Sebastian Aho wins face-off versus Angelo Esposito in Wolves zone.
14:44 of 1st period - Sebastian Aho is hit by Jake Virtanen.
14:56 of 1st period - Sebastian Aho is hit by Joey Laleggia and loses puck.
15:35 of 1st period - Jake Evans is hit by Nick Schmaltz and loses puck.
15:48 of 1st period - Snap shot by Kerby Rychel.
15:48 of 1st period - Stopped by Laurent Brossoit with a rebound.
15:54 of 1st period - Slapshot by Jake Virtanen.
15:54 of 1st period - Shot Misses the Net.
15:56 of 1st period - Snap shot by Angelo Esposito.
15:56 of 1st period - Stopped by Laurent Brossoit with a rebound.
15:58 of 1st period - Wrist shot by Angelo Esposito.
15:58 of 1st period - Shot Misses the Net.
16:08 of 1st period - Victor Olofsson is hit by Dominik Simon and loses puck.
16:25 of 1st period - Minor Penalty to Gianluca Curcuruto for Roughing.
16:26 of 1st period - Kyle Rau wins face-off versus Sergey Kalinin in Bears zone.
16:51 of 1st period - Jamie McGinn is hit by Sebastian Aho and loses puck.
17:34 of 1st period - Slapshot by Taylor Aronson.
17:34 of 1st period - Stopped by Laurent Brossoit with a rebound.
18:25 of 1st period - Penalty to Gianluca Curcuruto is over, Gianluca Curcuruto is back on ice.
19:26 of 1st period - Wrist shot by Kerby Rychel.
19:26 of 1st period - Stopped by Laurent Brossoit with a rebound.
Goals for this period are 3 for Wolves vs 0 for Bears.
Shots for this period are 7 for Wolves vs 14 for Bears.
2nd period
0:01 of 2nd period - Kyle Rau wins face-off versus Zach Stepan in neutral zone.
0:25 of 2nd period - Joey Laleggia is hit by Victor Olofsson.
0:29 of 2nd period - Slapshot by Taylor Aronson.
0:29 of 2nd period - Stopped by Laurent Brossoit with a rebound.
0:31 of 2nd period - Snap shot by Nick Schmaltz.
0:31 of 2nd period - Deflect By Sergey Kalinin.
0:31 of 2nd period - Stopped by Laurent Brossoit with a rebound.
1:10 of 2nd period - Joe Morrow is hit by Dominik Simon.
1:12 of 2nd period - Slapshot by Antti Suomela.
1:12 of 2nd period - Shot Misses the Net.
1:14 of 2nd period - Snap shot by Jeffrey Foss.
1:14 of 2nd period - Stopped by Jake Allen with a rebound.
1:16 of 2nd period - Slapshot by Joe Morrow.
1:16 of 2nd period - Stopped by Jake Allen with a rebound.
1:34 of 2nd period - Snap shot by Sebastian Aho.
1:34 of 2nd period - Goal by Sebastian Aho - Wolves : 4 - Bears : 0.
1:34 of 2nd period - Joni Ortio enters game.
1:35 of 2nd period - Sergey Kalinin wins face-off versus Kyle Rau in neutral zone.
1:37 of 2nd period - Double Minor Penalty to Mike Hoffman for Roughing.
1:38 of 2nd period - Sergey Kalinin wins face-off versus Kyle Rau in Bears zone.
2:06 of 2nd period - Slapshot by Sebastian Aho.
2:06 of 2nd period - Goal by Sebastian Aho - Wolves : 5 - Bears : 0.
2:07 of 2nd period - Kyle Rau wins face-off versus Sergey Kalinin in neutral zone.
2:16 of 2nd period - Wrist shot by Alexandre Grenier.
2:16 of 2nd period - Shot Misses the Net.
2:18 of 2nd period - Wrist shot by Alexandre Grenier.
2:18 of 2nd period - Stopped by Joni Ortio without a rebound.
2:19 of 2nd period - Kyle Rau wins face-off versus Sergey Kalinin in Bears zone.
2:26 of 2nd period - Snap shot by Kyle Rau.
2:26 of 2nd period - Shot Misses the Net.
2:30 of 2nd period - Wrist shot by Joe Morrow.
2:30 of 2nd period - Shot Misses the Net.
4:06 of 2nd period - Penalty to Mike Hoffman is over, Mike Hoffman is back on ice.
4:21 of 2nd period - Wrist shot by Nick Schmaltz.
4:21 of 2nd period - Shot Misses the Net.
4:23 of 2nd period - Snap shot by Mike Hoffman.
4:23 of 2nd period - Shot Hit the Post.
4:42 of 2nd period - Snap shot by Jake Evans.
4:42 of 2nd period - Shot Blocked by Taylor Aronson.
4:44 of 2nd period - Slapshot by Joe Morrow.
4:44 of 2nd period - Shot Blocked by Mike Hoffman.
4:46 of 2nd period - Slapshot by Joe Morrow.
4:46 of 2nd period - Stopped by Joni Ortio without a rebound.
4:47 of 2nd period - Angelo Esposito wins face-off versus Antti Suomela in Bears zone.
4:47 of 2nd period - Angelo Esposito is hit by Jalen Chatfield.
4:55 of 2nd period - Jalen Chatfield is hit by Tommy Vannelli and loses puck.
5:16 of 2nd period - Snap shot by Wade Allison.
5:16 of 2nd period - Stopped by Joni Ortio with a rebound.
5:34 of 2nd period - Snap shot by Sebastian Aho.
5:34 of 2nd period - Shot Misses the Net.
5:36 of 2nd period - Snap shot by Victor Olofsson.
5:36 of 2nd period - Shot Misses the Net.
5:38 of 2nd period - Slapshot by Jalen Chatfield.
5:38 of 2nd period - Shot Misses the Net.
5:40 of 2nd period - Snap shot by Sebastian Aho.
5:40 of 2nd period - Shot Misses the Net.
5:42 of 2nd period - Slapshot by Samuel Girard.
5:42 of 2nd period - Stopped by Joni Ortio with a rebound.
5:44 of 2nd period - Wrist shot by Eric Robinson.
5:44 of 2nd period - Goal by Eric Robinson - Wolves : 6 - Bears : 0.
5:45 of 2nd period - Kyle Rau wins face-off versus Sergey Kalinin in neutral zone.
6:30 of 2nd period - Off-side.
6:31 of 2nd period - Zach Stepan wins face-off versus Jake Evans in neutral zone.
7:05 of 2nd period - Snap shot by Lawson Crouse.
7:05 of 2nd period - Shot Misses the Net.
7:07 of 2nd period - Slapshot by Jeff Petry.
7:07 of 2nd period - Shot Hit the Post.
7:53 of 2nd period - Jeffrey Foss is hit by Kerby Rychel and loses puck.
8:30 of 2nd period - Slapshot by Jeffrey Foss.
8:30 of 2nd period - Stopped by Joni Ortio without a rebound.
8:31 of 2nd period - Kyle Rau wins face-off versus Sergey Kalinin in Bears zone.
9:11 of 2nd period - Minor Penalty to Jalen Chatfield for Holding.
9:12 of 2nd period - Angelo Esposito wins face-off versus Alexandre Grenier in Wolves zone.
9:44 of 2nd period - Slapshot by Joey Laleggia.
9:44 of 2nd period - Shot Misses the Net.
9:46 of 2nd period - Snap shot by Kerby Rychel.
9:46 of 2nd period - Goal by Kerby Rychel - Wolves : 6 - Bears : 1.
9:47 of 2nd period - Sebastian Aho wins face-off versus Sergey Kalinin in neutral zone.
10:12 of 2nd period - Joey Laleggia is hit by Lawson Crouse and loses puck.
10:17 of 2nd period - Snap shot by Kyle Rau.
10:17 of 2nd period - Shot Blocked by Taylor Aronson.
10:19 of 2nd period - Snap shot by Alexandre Grenier.
10:19 of 2nd period - Deflect By Taylor Aronson.
10:19 of 2nd period - Stopped by Joni Ortio without a rebound.
10:20 of 2nd period - Kyle Rau wins face-off versus Sergey Kalinin in Bears zone.
10:45 of 2nd period - Joe Morrow is hit by Jamie McGinn and loses puck.
10:52 of 2nd period - Slapshot by Jamie McGinn.
10:52 of 2nd period - Stopped by Laurent Brossoit with a rebound.
11:06 of 2nd period - Snap shot by Thomas Spelling.
11:06 of 2nd period - Goal by Thomas Spelling - Wolves : 7 - Bears : 1.
11:07 of 2nd period - Sergey Kalinin wins face-off versus Kyle Rau in neutral zone.
11:22 of 2nd period - Anton Lindholm is hit by Nick Schmaltz and loses puck.
12:03 of 2nd period - Samuel Girard is hit by Taylor Aronson and loses puck.
13:48 of 2nd period - Wrist shot by Sebastian Aho.
13:48 of 2nd period - Shot Misses the Net.
13:57 of 2nd period - Off-side.
13:58 of 2nd period - Sergey Kalinin wins face-off versus Jake Evans in neutral zone.
14:32 of 2nd period - Wrist shot by Nick Schmaltz.
14:32 of 2nd period - Shot Misses the Net.
14:34 of 2nd period - Slapshot by Mike Hoffman.
14:34 of 2nd period - Goal by Mike Hoffman - Wolves : 7 - Bears : 2.
14:35 of 2nd period - Zach Stepan wins face-off versus Kyle Rau in neutral zone.
14:41 of 2nd period - Off-side.
14:42 of 2nd period - Kyle Rau wins face-off versus Zach Stepan in neutral zone.
14:49 of 2nd period - Snap shot by Alexandre Grenier.
14:49 of 2nd period - Shot Blocked by Joey Laleggia.
15:13 of 2nd period - Snap shot by Nick Schmaltz.
15:13 of 2nd period - Deflect By Mike Hoffman.
15:13 of 2nd period - Stopped by Laurent Brossoit with a rebound.
15:34 of 2nd period - Slapshot by Derek Forbort.
15:34 of 2nd period - Stopped by Laurent Brossoit with a rebound.
15:36 of 2nd period - Snap shot by Brendan Perlini.
15:36 of 2nd period - Goal by Brendan Perlini - Wolves : 7 - Bears : 3.
15:37 of 2nd period - Angelo Esposito wins face-off versus Alexandre Grenier in neutral zone.
16:04 of 2nd period - Sebastian Aho is hit by Nick Schmaltz and loses puck.
16:19 of 2nd period - Minor Penalty to Mike Hoffman for Holding.
16:20 of 2nd period - Jamie McGinn wins face-off versus Kyle Rau in Bears zone.
16:31 of 2nd period - Wrist shot by Lawson Crouse.
16:31 of 2nd period - Shot Misses the Net.
17:06 of 2nd period - Icing by Lawson Crouse.
17:07 of 2nd period - Sergey Kalinin wins face-off versus Kyle Rau in Wolves zone.
17:24 of 2nd period - Slapshot by Joe Morrow.
17:24 of 2nd period - Shot Misses the Net.
17:26 of 2nd period - Slapshot by Joe Morrow.
17:26 of 2nd period - Shot Misses the Net.
17:28 of 2nd period - Snap shot by Jeffrey Foss.
17:28 of 2nd period - Deflect By Taylor Aronson.
17:28 of 2nd period - Stopped by Joni Ortio with a rebound.
17:30 of 2nd period - Snap shot by Sebastian Aho.
17:30 of 2nd period - Shot Blocked by Nick Schmaltz.
17:32 of 2nd period - Wrist shot by Victor Olofsson.
17:32 of 2nd period - Goal by Victor Olofsson - Wolves : 8 - Bears : 3.
17:32 of 2nd period - Jake Allen enters game.
17:33 of 2nd period - Dominik Simon wins face-off versus Kyle Rau in neutral zone.
17:42 of 2nd period - Snap shot by Dominik Simon.
17:42 of 2nd period - Shot Misses the Net.
17:44 of 2nd period - Snap shot by Dominik Simon.
17:44 of 2nd period - Shot Misses the Net.
17:46 of 2nd period - Snap shot by Brendan Perlini.
17:46 of 2nd period - Shot Blocked by Kyle Rau.
18:08 of 2nd period - Jeff Petry is hit by Austin Wuthrich and loses puck.
19:00 of 2nd period - Jeffrey Foss is hit by Nicolas Aube-Kubel and loses puck.
19:23 of 2nd period - Slapshot by Victor Olofsson.
19:23 of 2nd period - Shot Misses the Net.
19:29 of 2nd period - Wrist shot by Sebastian Aho.
19:29 of 2nd period - Stopped by Jake Allen with a rebound.
19:41 of 2nd period - Samuel Girard is hit by Jake Virtanen.
19:55 of 2nd period - Austin Wuthrich is hit by Kyle Rau.
Goals for this period are 5 for Wolves vs 3 for Bears.
Shots for this period are 15 for Wolves vs 8 for Bears.
3rd period
0:01 of 3rd period - Alexandre Grenier wins face-off versus Sergey Kalinin in neutral zone.
0:06 of 3rd period - Wrist shot by Kyle Rau.
0:06 of 3rd period - Stopped by Jake Allen without a rebound.
0:07 of 3rd period - Lawson Crouse wins face-off versus Sergey Kalinin in Bears zone.
0:10 of 3rd period - Wrist shot by Alexandre Grenier.
0:10 of 3rd period - Stopped by Jake Allen with a rebound.
0:24 of 3rd period - Joe Morrow is hit by Nick Schmaltz and loses puck.
1:06 of 3rd period - Wrist shot by Mike Hoffman.
1:06 of 3rd period - Shot Misses the Net.
1:08 of 3rd period - Slapshot by Sergey Kalinin.
1:08 of 3rd period - Shot Misses the Net.
1:10 of 3rd period - Wrist shot by Taylor Aronson.
1:10 of 3rd period - Shot Misses the Net.
1:27 of 3rd period - Icing by Joe Morrow.
1:28 of 3rd period - Angelo Esposito wins face-off versus Kyle Rau in Wolves zone.
1:53 of 3rd period - Backhand shot by Joe Morrow.
1:53 of 3rd period - Stopped by Jake Allen with a rebound.
1:55 of 3rd period - Snap shot by Joe Morrow.
1:55 of 3rd period - Stopped by Jake Allen with a rebound.
2:05 of 3rd period - Slapshot by Gianluca Curcuruto.
2:05 of 3rd period - Stopped by Laurent Brossoit with a rebound.
2:37 of 3rd period - Slapshot by Jeffrey Foss.
2:37 of 3rd period - Shot Blocked by Kerby Rychel.
3:05 of 3rd period - Snap shot by Wade Allison.
3:05 of 3rd period - Shot Misses the Net.
3:07 of 3rd period - Slapshot by Jeff Petry.
3:07 of 3rd period - Shot Misses the Net.
3:13 of 3rd period - Minor Penalty to Tommy Vannelli for Hooking.
3:14 of 3rd period - Sergey Kalinin wins face-off versus Sebastian Aho in Bears zone.
3:14 of 3rd period - Sergey Kalinin is hit by Victor Olofsson.
4:06 of 3rd period - Snap shot by Zach Stepan.
4:06 of 3rd period - Shot Misses the Net.
4:52 of 3rd period - Alexandre Grenier is hit by Zach Stepan and loses puck.
5:13 of 3rd period - Penalty to Tommy Vannelli is over, Tommy Vannelli is back on ice.
5:27 of 3rd period - Wrist shot by Dominik Simon.
5:27 of 3rd period - Deflect By Nicolas Aube-Kubel.
5:27 of 3rd period - Deflect By Kale Clague.
5:27 of 3rd period - Stopped by Laurent Brossoit with a rebound.
5:29 of 3rd period - Slapshot by Taylor Aronson.
5:29 of 3rd period - Stopped by Laurent Brossoit without a rebound.
5:30 of 3rd period - Jake Evans wins face-off versus Dominik Simon in Wolves zone.
5:35 of 3rd period - Slapshot by Jake Evans.
5:35 of 3rd period - Stopped by Jake Allen without a rebound.
5:36 of 3rd period - Thomas Spelling wins face-off versus Zach Stepan in Bears zone.
5:45 of 3rd period - Zach Stepan is hit by Jake Evans and loses puck.
6:02 of 3rd period - Eric Robinson is hit by Nicolas Aube-Kubel and loses puck.
6:29 of 3rd period - Snap shot by Antti Suomela.
6:29 of 3rd period - Shot Blocked by Derek Forbort.
6:31 of 3rd period - Snap shot by Antti Suomela.
6:31 of 3rd period - Stopped by Jake Allen with a rebound.
6:41 of 3rd period - Snap shot by Brendan Perlini.
6:41 of 3rd period - Shot Misses the Net.
6:48 of 3rd period - Off-side.
6:49 of 3rd period - Zach Stepan wins face-off versus Alexandre Grenier in neutral zone.
7:02 of 3rd period - Snap shot by Zach Stepan.
7:02 of 3rd period - Shot Misses the Net.
7:49 of 3rd period - Wrist shot by Kyle Rau.
7:49 of 3rd period - Stopped by Jake Allen with a rebound.
7:51 of 3rd period - Snap shot by Lawson Crouse.
7:51 of 3rd period - Shot Misses the Net.
8:05 of 3rd period - Snap shot by Sergey Kalinin.
8:05 of 3rd period - Stopped by Laurent Brossoit with a rebound.
8:29 of 3rd period - Slapshot by Alexandre Grenier.
8:29 of 3rd period - Stopped by Jake Allen without a rebound.
8:30 of 3rd period - Zach Stepan wins face-off versus Sebastian Aho in Bears zone.
8:37 of 3rd period - Sebastian Aho is hit by Jamie McGinn and loses puck.
8:56 of 3rd period - Derek Forbort is hit by Thomas Spelling and loses puck.
9:17 of 3rd period - Wrist shot by Dominik Simon.
9:17 of 3rd period - Stopped by Laurent Brossoit with a rebound.
9:25 of 3rd period - Nicolas Aube-Kubel is hit by Jeff Petry.
9:37 of 3rd period - Snap shot by Sebastian Aho.
9:37 of 3rd period - Shot Blocked by Gianluca Curcuruto.
11:08 of 3rd period - Icing by Mike Hoffman.
11:09 of 3rd period - Dominik Simon wins face-off versus Jake Evans in Bears zone.
11:18 of 3rd period - Slapshot by Dominik Simon.
11:18 of 3rd period - Stopped by Laurent Brossoit without a rebound.
11:19 of 3rd period - Zach Stepan wins face-off versus Kyle Rau in Wolves zone.
11:24 of 3rd period - Snap shot by Jamie McGinn.
11:24 of 3rd period - Stopped by Laurent Brossoit without a rebound.
11:25 of 3rd period - Kyle Rau wins face-off versus Zach Stepan in Wolves zone.
11:30 of 3rd period - Snap shot by Samuel Girard.
11:30 of 3rd period - Deflect By Alexandre Grenier.
11:30 of 3rd period - Stopped by Jake Allen without a rebound.
11:31 of 3rd period - Alexandre Grenier wins face-off versus Angelo Esposito in Bears zone.
11:46 of 3rd period - Snap shot by Jake Virtanen.
11:46 of 3rd period - Stopped by Laurent Brossoit with a rebound.
12:41 of 3rd period - Nick Schmaltz is hit by Jalen Chatfield and loses puck.
12:50 of 3rd period - Snap shot by Antti Suomela.
12:50 of 3rd period - Stopped by Jake Allen with a rebound.
13:03 of 3rd period - Minor Penalty to Joe Morrow for Hooking.
13:04 of 3rd period - Angelo Esposito wins face-off versus Alexandre Grenier in Wolves zone.
13:31 of 3rd period - Alexandre Grenier is hit by Sergey Kalinin and loses puck.
13:55 of 3rd period - Lawson Crouse is hit by Nick Schmaltz and loses puck.
14:02 of 3rd period - Snap shot by Jeff Petry.
14:02 of 3rd period - Shot Misses the Net.
14:30 of 3rd period - Jeffrey Foss is hit by Sergey Kalinin and loses puck.
15:03 of 3rd period - Penalty to Joe Morrow is over, Joe Morrow is back on ice.
15:09 of 3rd period - Snap shot by Joe Morrow.
15:09 of 3rd period - Shot Misses the Net.
15:11 of 3rd period - Wrist shot by Joe Morrow.
15:11 of 3rd period - Shot Blocked by Dominik Simon.
15:15 of 3rd period - Slapshot by Joe Morrow.
15:15 of 3rd period - Stopped by Jake Allen with a rebound.
15:17 of 3rd period - Wrist shot by Sebastian Aho.
15:17 of 3rd period - Goal by Sebastian Aho - Wolves : 9 - Bears : 3.
15:18 of 3rd period - Zach Stepan wins face-off versus Kyle Rau in neutral zone.
15:48 of 3rd period - Snap shot by Jake Virtanen.
15:48 of 3rd period - Stopped by Laurent Brossoit with a rebound.
15:50 of 3rd period - Slapshot by Tommy Vannelli.
15:50 of 3rd period - Stopped by Laurent Brossoit without a rebound.
15:51 of 3rd period - Dominik Simon wins face-off versus Sebastian Aho in Wolves zone.
16:02 of 3rd period - Snap shot by Nicolas Aube-Kubel.
16:02 of 3rd period - Shot Misses the Net.
16:16 of 3rd period - Jake Virtanen is hit by Jeffrey Foss and loses puck.
16:24 of 3rd period - Slapshot by Taylor Aronson.
16:24 of 3rd period - Shot Blocked by Thomas Spelling.
16:26 of 3rd period - Slapshot by Kerby Rychel.
16:26 of 3rd period - Stopped by Laurent Brossoit with a rebound.
16:28 of 3rd period - Wrist shot by Joey Laleggia.
16:28 of 3rd period - Shot Misses the Net.
16:38 of 3rd period - Slapshot by Sergey Kalinin.
16:38 of 3rd period - Shot Blocked by Jeffrey Foss.
16:40 of 3rd period - Slapshot by Taylor Aronson.
16:40 of 3rd period - Shot Misses the Net.
16:58 of 3rd period - Slapshot by Jeffrey Foss.
16:58 of 3rd period - Shot Blocked by Derek Forbort.
17:00 of 3rd period - Wrist shot by Kieffer Bellows.
17:00 of 3rd period - Stopped by Jake Allen without a rebound.
17:01 of 3rd period - Zach Stepan wins face-off versus Antti Suomela in Bears zone.
17:06 of 3rd period - Anton Lindholm is hit by Jamie McGinn and loses puck.
17:11 of 3rd period - Snap shot by Zach Stepan.
17:11 of 3rd period - Shot Misses the Net.
17:13 of 3rd period - Snap shot by Zach Stepan.
17:13 of 3rd period - Goal by Zach Stepan - Wolves : 9 - Bears : 4.
17:14 of 3rd period - Dominik Simon wins face-off versus Kyle Rau in neutral zone.
17:19 of 3rd period - Slapshot by Brendan Perlini.
17:19 of 3rd period - Shot Misses the Net.
17:43 of 3rd period - Snap shot by Nick Schmaltz.
17:43 of 3rd period - Shot Blocked by Jeff Petry.
17:50 of 3rd period - Off-side.
17:51 of 3rd period - Angelo Esposito wins face-off versus Sebastian Aho in neutral zone.
18:00 of 3rd period - Slapshot by Jake Virtanen.
18:00 of 3rd period - Shot Misses the Net.
18:06 of 3rd period - Slapshot by Samuel Girard.
18:06 of 3rd period - Deflect By Victor Olofsson.
18:06 of 3rd period - Stopped by Jake Allen without a rebound.
18:07 of 3rd period - Jake Evans wins face-off versus Zach Stepan in Bears zone.
18:22 of 3rd period - Slapshot by Thomas Spelling.
18:22 of 3rd period - Shot Blocked by Jamie McGinn.
18:34 of 3rd period - Backhand shot by Eric Robinson.
18:34 of 3rd period - Deflect By Victor Olofsson.
18:34 of 3rd period - Stopped by Jake Allen without a rebound.
18:35 of 3rd period - Victor Olofsson wins face-off versus Angelo Esposito in Bears zone.
19:00 of 3rd period - Jalen Chatfield is hit by Derek Forbort and loses puck.
19:18 of 3rd period - Off-side.
19:19 of 3rd period - Jake Evans wins face-off versus Sergey Kalinin in neutral zone.
19:30 of 3rd period - Wrist shot by Thomas Spelling.
19:30 of 3rd period - Shot Misses the Net.
19:32 of 3rd period - Snap shot by Jeff Petry.
19:32 of 3rd period - Stopped by Jake Allen with a rebound.
19:34 of 3rd period - Slapshot by Jake Evans.
19:34 of 3rd period - Goal by Jake Evans - Wolves : 10 - Bears : 4.
19:35 of 3rd period - Dominik Simon wins face-off versus Kyle Rau in neutral zone.
19:38 of 3rd period - Slapshot by Brendan Perlini.
19:38 of 3rd period - Stopped by Laurent Brossoit without a rebound.
19:39 of 3rd period - Kyle Rau wins face-off versus Dominik Simon in Wolves zone.
19:44 of 3rd period - Joey Laleggia is hit by Lawson Crouse and loses puck.
Goals for this period are 2 for Wolves vs 1 for Bears.
Shots for this period are 17 for Wolves vs 13 for Bears.